 Dungeon Sprint DCSS version 0.21-a0-104-g7b58145 (webtiles) character file.

13691 Kidiri the Martial Artist (level 11, -1/100 HPs)
             Began as a Black Draconian Transmuter on July 5, 2017.
             Was the Champion of Wu Jian.
             Slain by a centaur warrior (10 damage)
             ... in the Dungeon (Sprint VII: "The Pits").
             The game lasted 00:11:16 (2385 turns).

Kidiri the Martial Artist (DrTm)                    Turns: 2385, Time: 00:11:17

Health: -1/100     AC: 11    Str: 14    XL:     11   Next: 78%
Magic:  21/23      EV: 22    Int: 17    God:    Wu Jian [******]
Gold:   34         SH:  0    Dex: 20    Spells: 12/27 levels left

rFire    . . .     SeeInvis .     - Unarmed
rCold    . . .     Gourm    .   (shield currently unavailable)
rNeg     . . .     Faith    .   (armour unavailable)
rPois    .         Spirit   .   (helmet restricted)
rElec    +         Reflect  .   q - +1 cloak
rCorr    .         Harm     .   (gloves currently unavailable)
MR       .....     Clarity  +   u - +1 pair of boots Stlth ++........NoTele +
                                E - amulet of regeneration
HPRegen  0.26/turn              r - +3 ring of dexterity
MPRegen  0.18/turn              s - +3 ring of dexterity

@: blade hands, glowing, heavenly storm
A: breathe lightning, unfitting armour, big wings, clarity, clever 2,
electricity resistance, cold-blooded, AC +7
a: Breathe Lightning, Fly, End Transformation, Serpent's Lash, Heavenly Storm,
Renounce Religion


You were in the Dungeon.
You worshipped Wu Jian.
Wu Jian was exalted by your worship.
You were full.
You had blades for hands.
You visited 1 branch You collected 34 gold pieces.

Inventory:

Missiles
 a - 32 arrows
Armour
 q - a +1 cloak (worn)
 u - a +1 pair of boots (worn)
 v - a +0 pair of gloves (melded)
Jewellery
 r - a +3 ring of dexterity (left scythe-like blade)
 s - a +3 ring of dexterity (right scythe-like blade)
 C - an uncursed ring of positive energy
 E - an amulet of regeneration (around neck)
Scrolls
 i - 2 scrolls of blinking
 k - 5 scrolls of remove curse
 l - 5 scrolls of amnesia
 m - a scroll of summoning
 x - 4 scrolls of enchant weapon
 y - a scroll of fear
 A - a scroll of recharging
 B - a scroll of fog
 D - a scroll of identify
Potions
 d - 11 potions of curing
 e - 13 potions of heal wounds
 f - a potion of haste
 g - 4 potions of magic
 h - 6 potions of berserk rage
 j - 2 potions of invisibility
 t - 2 potions of brilliance
 z - a potion of agility
Books
 b - a book of Changes

   Spells                             Type                      Level
   a - Beastly Appendage              Transmutation                1
   b - Sticks to Snakes               Transmutation                2
   c - Spider Form                    Transmutation/Poison         3
   d - Ice Form                       Ice/Transmutation            4
   e - Blade Hands                    Transmutation                5
Comestibles
 c - 8 bread rations
 n - 29 fruits
 o - 7 meat rations


   Skills:
 + Level 10.2 Fighting
 * Level 12.1 Dodging
 + Level 9.4 Stealth
 * Level 13.2 Unarmed Combat
 + Level 8.8 Spellcasting
 * Level 13.1 Transmutations
 + Level 8.5 Ice Magic
 + Level 9.0 Poison Magic


You had 12 spell levels left.
You knew the following spells:

 Your Spells              Type           Power        Failure   Level  Hunger
a - Beastly Appendage     Tmut           ######       5%          1    None
b - Sticks to Snakes      Tmut           ######..     6%          2    None
c - Spider Form           Tmut/Pois      #####.....   10%         3    None
d - Ice Form              Ice/Tmut       #####...     16%         4    ###....
e - Blade Hands           Tmut           ######....   16%         5    #####..


Dungeon Overview and Level Annotations

Branches:
Dungeon (1/1)

Altars:
Ashenzari
Cheibriados
Dithmenos
Elyvilon
Fedhas
Gozag
Hepliaklqana
Kikubaaqudgha
Makhleb
Nemelex Xobeh
Okawaru
Qazlal
Ru
Sif Muna
Trog
Uskayaw
Vehumet
Wu Jian
Xom
Yredelemnul
Zin
The Shining One
Beogh
Jiyva
Lugonu


Innate Abilities, Weirdness & Mutations

You can breathe wild blasts of lightning.
Your glossy black scales are hard. (AC +7)
You cannot fit into any form of body armour.
You are resistant to electric shocks. (rElec)
You are cold-blooded and may be slowed by cold attacks.
Your large and strong wings let you fly indefinitely.
You possess an exceptional clarity of mind.
Your mind is very acute. (Int +4)


Message History

The centaur warrior shoots an arrow.
The arrow hits you!
* * * LOW HITPOINT WARNING * * *
The deep troll misses you. The deep troll claws you!
* * * LOW HITPOINT WARNING * * *
The deep troll closely misses you.
You see here an arrow.
Unknown command.
You spin and attack the deep troll.
You slice the deep troll!!
You kill the deep troll!
The Council accepts your kill.
The troll leather armour is intact enough to wear.
Your Poison Magic skill increases to level 9!
The centaur warrior unwields an uncursed shortbow.
The centaur warrior misses you.
The centaur warrior hits you but does no damage.
You spin and attack the centaur warrior.
You slice the centaur warrior!!
The centaur warrior is heavily wounded.
The centaur warrior hits you!
You die...

#... #... #..# #..# #..#
####### #§§# ..##..# #§§#
..##..# #@c# ..''..# #§§#
..''..##########§§#
..##..........§§§§#
..##..........§§§§#
################### ##
##########################
.#
#.........##.[...+...+.=)#
.#
##.......###..)))##.##)(.#


You could see a centaur warrior.

Vanquished Creatures
  A death yak (D)
  4 hell hogs (D)
  2 spriggan druids (D)
  A deep troll (D)
  Pikel (D)
  A deep elf mage (D)
  A cyclops (D)
  An orange demon (D)
  2 spiny frogs (D)
  A rime drake (D)
  A gargoyle (D)
  A guardian mummy (D)
  A hellwing (D)
  2 demonic crawlers (D)
  A jumping spider (D)
  A tyrant leech (D)
  5 dream sheep (D)
  A hippogriff (D)
  10 blink frogs (D)
  A bog body (D)
  A wraith (D)
  A tarantella (D)
  A steam dragon (D)
  4 vampire mosquitoes (D)
  A water moccasin (D)
  A floating eye (D)
  A swamp drake (D)
  4 slaves (D)
  A sky beast (D)
  A big kobold (D)
  A gnoll sergeant (D)
  6 killer bees (D)
  A hound (D)
  A gnoll shaman (D)
  3 orc priests (D)
  Crazy Yiuf (D)
  2 orc wizards (D)
  2 hell rats (D)
  A worker ant (D)
  2 mummies (D)
  6 gnolls (D)
  A river rat (D)
  2 ufetubi (D)
  An ooze (D)
  An adder zombie (D)
  2 worms (D)
  3 leopard geckos (D)
  3 orcs (D)
  A bat skeleton (D)
  2 goblins (D)
  4 jackals (D)
  2 ball pythons (D)
  A frilled lizard (D)
  A kobold (D)
  A rat (D)
106 creatures vanquished.

Vanquished Creatures (others)
  2 gnolls (D)
2 creatures vanquished.

Grand Total: 108 creatures vanquished

Notes
Turn   | Place    | Note
-------+----------+-------------------------------------------
     0 | D        | Kidiri the Draconian Transmuter began the quest for the Orb.
     0 | D        | Reached XP level 1. HP: 16/16 MP: 3/3
    13 | D        | Noticed a floating eye
    15 | D        | Killed a floating eye
    15 | D        | Reached skill level 5 in Unarmed Combat
    15 | D        | Reached XP level 2. HP: 26/26 MP: 3/6
    15 | D        | Reached XP level 3. HP: 31/31 MP: 3/7
    15 | D        | Reached XP level 4. HP: 38/38 MP: 3/8
    19 | D        | Learned a level 2 spell: Sticks to Snakes
    23 | D        | Learned a level 3 spell: Spider Form
    52 | D        | Found a bloodstained altar of Trog.
    52 | D        | Found a deep blue altar of Sif Muna.
    52 | D        | Found a viscous altar of Jiyva.
    52 | D        | Found a hazy altar of Hepliaklqana.
    52 | D        | Found an opulent altar of Gozag.
    53 | D        | Found a glowing golden altar of the Shining One.
    53 | D        | Found a glowing silver altar of Zin.
    53 | D        | Found a basalt altar of Yredelemnul.
    53 | D        | Found a shimmering altar of Xom.
    53 | D        | Found an ornate altar of the Wu Jian Council.
    53 | D        | Found a sacrificial altar of Ru.
    53 | D        | Found a stormy altar of Qazlal.
    53 | D        | Found an iron altar of Okawaru.
    53 | D        | Found a sparkling altar of Nemelex Xobeh.
    53 | D        | Found a burning altar of Makhleb.
    53 | D        | Found a blossoming altar of Fedhas.
    53 | D        | Found a white marble altar of Elyvilon.
    53 | D        | Found a shadowy altar of Dithmenos.
    53 | D        | Found a snail-covered altar of Cheibriados.
    55 | D        | Found a radiant altar of Vehumet.
    55 | D        | Found a corrupted altar of Lugonu.
    55 | D        | Found a roughly hewn altar of Beogh.
    56 | D        | Found a hide-covered altar of Uskayaw.
    56 | D        | Found an ancient bone altar of Kikubaaqudgha.
    56 | D        | Found a shattered altar of Ashenzari.
    62 | D        | Became a worshipper of the Wu Jian Council
   193 | D        | Reached * piety under Wu Jian
   236 | D        | Noticed a sky beast
   241 | D        | Reached ** piety under Wu Jian
   241 | D        | Reached skill level 1 in Poison Magic
   253 | D        | Killed a sky beast
   253 | D        | Reached skill level 5 in Dodging
   253 | D        | Reached skill level 5 in Transmutations
   253 | D        | Reached XP level 5. HP: 9/46 MP: 4/10
   279 | D        | Gained mutation: Your mind is acute. (Int +2) [mutagenic meat]
   280 | D        | Gained mutation: Your mind is very acute. (Int +4) [mutagenic meat]
   282 | D        | Gained mutation: Your large and strong wings let you fly indefinitely. [mutagenic meat]
   283 | D        | Gained mutation: You possess an exceptional clarity of mind. [mutagenic meat]
   502 | D        | Learned a level 4 spell: Ice Form
   503 | D        | Noticed a slave
   503 | D        | Noticed a slave
   503 | D        | Noticed a slave
   505 | D        | Noticed Pikel
   505 | D        | Noticed a slave
   513 | D        | Killed a slave
   522 | D        | Killed a slave
   527 | D        | Reached XP level 6. HP: 28/53 MP: 5/12
   530 | D        | Reached *** piety under Wu Jian
   532 | D        | Reached skill level 1 in Ice Magic
   540 | D        | Killed Pikel
   540 | D        | Reached **** piety under Wu Jian
   540 | D        | Reached skill level 5 in Fighting
   540 | D        | Reached skill level 5 in Stealth
   540 | D        | Reached skill level 5 in Spellcasting
   540 | D        | Your scales start taking on a glossy black colour.
   540 | D        | Reached XP level 7. HP: 34/62 MP: 7/14
   540 | D        | Gained mutation: You are resistant to electric shocks. (rElec) [Black Draconian growth]
   614 | D        | Learned a level 5 spell: Blade Hands
   722 | D        | Reached ***** piety under Wu Jian
   725 | D        | Noticed a spriggan druid
   730 | D        | Killed a spriggan druid
   730 | D        | Reached XP level 8. HP: 50/71 MP: 10/16
   827 | D        | Noticed Crazy Yiuf
   829 | D        | Reached skill level 5 in Poison Magic
   832 | D        | Killed Crazy Yiuf
   864 | D        | Noticed a bog body
   864 | D        | Noticed a cyclops
   867 | D        | Killed a cyclops
   871 | D        | Killed a bog body
   871 | D        | Reached XP level 9. HP: 43/78 MP: 12/18
  1001 | D        | Noticed a jumping spider
  1001 | D        | Noticed a demonic crawler
  1004 | D        | Killed a jumping spider
  1013 | D        | Killed a demonic crawler
  1013 | D        | Reached skill level 5 in Ice Magic
  1234 | D        | Noticed a gargoyle
  1238 | D        | Reached skill level 10 in Unarmed Combat
  1240 | D        | Reached skill level 10 in Transmutations
  1249 | D        | Killed a gargoyle
  1249 | D        | Reached ****** piety under Wu Jian
  1252 | D        | Reached XP level 10. HP: 24/88 MP: 11/20
  1570 | D        | Noticed a spiny frog
  1573 | D        | Reached skill level 10 in Dodging
  1574 | D        | Killed a spiny frog
  1691 | D        | Noticed a death yak
  1701 | D        | Killed a death yak
  2019 | D        | Noticed a hell hog
  2019 | D        | Noticed a hell hog
  2019 | D        | Noticed a hell hog
  2019 | D        | Noticed a deep elf mage
  2023 | D        | Noticed a hell hog
  2023 | D        | Killed a hell hog
  2023 | D        | Reached XP level 11. HP: 76/97 MP: 17/22
  2023 | D        | Killed a hell hog
  2023 | D        | Killed a hell hog
  2023 | D        | Killed a deep elf mage
  2024 | D        | Killed a hell hog
  2110 | D        | Noticed a spriggan druid
  2115 | D        | Killed a spriggan druid
  2127 | D        | Reached skill level 10 in Fighting
  2378 | D        | Noticed a centaur warrior
  2378 | D        | Noticed a deep troll
  2384 | D        | Killed a deep troll
  2385 | D        | Slain by a centaur warrior

Vault maps used:
D:        pitsprint

Skill      XL: |  1  2  3  4  5  6  7  8  9 10 11 |
---------------+----------------------------------+-----
Fighting       | 3 4 5 6 8 9 10 | 10.2
Dodging        | 4 5 7 8 9 11 12 | 12.1
Stealth        | 2 3 5 6 7 8 9 |  9.4
Unarmed Combat | 5 6 8 9 10 12 13 | 13.2
Spellcasting   | 3 4 5 6 7 8 |  8.8
Transmutations | 4 5 6 7 8 9 10 11 13 | 13.1
Poison Magic   | 2 4 5 6 7 9 |  9.0
Ice Magic      | 3 4 6 7 8 |  8.5

Action                   |  1- 3 |  4- 6 |  7- 9 | 10-12 || total
-------------------------+-------+-------+-------+-------++-------
Melee: Unarmed           |     1 |    47 |    76 |   113 ||   237
       Headbutt          |     1 |       |       |       ||     1
       Tailslap          |       |       |     9 |    14 ||    23
       Punch             |       |       |     3 |     2 ||     5
 Cast: Beastly Appendage |     1 |       |       |       ||     1
       Spider Form       |       |     4 |       |       ||     4
       Ice Form          |       |     1 |       |       ||     1
       Blade Hands       |       |       |     6 |     7 ||    13
Invok: Heavenly Storm    |       |       |     1 |     5 ||     6
       Serpent's Lash    |       |       |     1 |     3 ||     4
  Use: Potion            |       |     2 |       |     1 ||     3
       Scroll            |       |       |       |     2 ||     2
 Stab: Sleeping          |       |     1 |     3 |     2 ||     6
       Distracted        |       |       |     1 |       ||     1
  Eat: Chunk             |       |     5 |     2 |     2 ||     9
       Fruit             |       |       |       |    11 ||    11
Armor: Skin              |       |     7 |    12 |    12 ||    31
Dodge: Dodged            |       |    39 |    54 |    97 ||   190
